 Dungeon Crawl Stone Soup version 0.24-a0-537-g2d01d4a (webtiles) character file.

Game seed: 13356483200034447434

96 CanOfBees the Magician (level 4, -3/32 HPs)
             Began as a Demonspawn Wizard on Aug 15, 2019.
             Killed from afar by Natasha (11 damage)
             ... with a magic dart
             ... on level 2 of the Dungeon.
             The game lasted 00:07:00 (5082 turns).

CanOfBees the Magician (Demonspawn Wizard)          Turns: 5082, Time: 00:07:00

Health: -3/32      AC:  2    Str:  7    XL:     4   Next: 41%
Magic:  9/9        EV: 12    Int: 21    God:
Gold:   120        SH:  0    Dex: 11    Spells: 4/10 levels left

rFire    . . .     SeeInvis .   c - +0 short sword
rCold    . . .     Gourm    .   (no shield)
rNeg     . . .     Faith    .   a - +0 robe
rPois    .         Spirit   .   b - +0 hat
rElec    .         Reflect  .   (no cloak)
rCorr    .         Harm     .   (no gloves)
MR       .....                  (no boots)
Stlth    ++........             (no amulet)
HPRegen  0.10/turn              (no ring)
MPRegen  0.11/turn              (no ring)

@: no status effects
A: talons 1, demonic guardian 1, powered by death 1
a: no special abilities


You were on level 2 of the Dungeon.
You were hungry.

You visited 1 branch of the dungeon, and saw 2 of its levels.

You collected 120 gold pieces.

Inventory:

Hand Weapons
 c - a +0 short sword (weapon)
Missiles
 f - 38 stones
 k - 27 poisoned darts (quivered)
 o - 18 bolts
Armour
 a - a +0 robe (worn)
 b - a +0 hat (worn)
Magical Staves
 m - an uncursed staff of death
Scrolls
 h - a scroll of magic mapping {unknown}
 i - a scroll of identify
 j - a scroll of blinking {unknown}
 l - 3 scrolls of enchant weapon
 p - a scroll of amnesia {unknown}
Potions
 g - a potion of ambrosia
Comestibles
 d - 6 rations
 n - 6 chunks of flesh


   Skills:
 + Level 1.5 Fighting
 - Level 2.0 Dodging
 - Level 1.7 Stealth
 + Level 3.5 Spellcasting
 * Level 2.7 Conjurations
 + Level 1.7 Summonings
   Level 0.8 Translocations


You had 4 spell levels left.
You knew the following spells:

 Your Spells              Type           Power        Failure   Level  Hunger
a - Magic Dart            Conj           ###.         4%          1    None
b - Call Imp              Summ           ##......     10%         2    ##.....
c - Mephitic Cloud        Conj/Pois/Air  #.......     26%         3    ###....

Your spell library contained the following spells:

 Spells                   Type           Power        Failure   Level  Hunger
 Blink                    Tloc           N/A          14%         2    ##.....
 Slow                     Hex            #.......     19%         2    ##.....
 Conjure Flame            Conj/Fire      #.......     22%         3    ###....


Dungeon Overview and Level Annotations

Branches:
Dungeon (2/15)

Altars:

Annotations:
D:2 1 runed translucent door, Crazy Yiuf, Natasha, Sigmund


Innate Abilities, Weirdness & Mutations

You have sharp toenails.
A weak demonic guardian rushes to your aid.
You regenerate a little health from kills.


Message History

Natasha claws you.
Your quasit bites Natasha but does no damage.
Your quasit closely misses Natasha.
Your quasit claws Natasha.
You hit Natasha.
Natasha is severely wounded.
You are feeling hungry.
Natasha claws you.
Your quasit bites Natasha but does no damage.
Your quasit closely misses Natasha.
Your quasit claws Natasha.
You hit Natasha. Your kick misses Natasha.
Natasha is almost dead.
Your quasit closely misses Natasha.
Your quasit barely misses Natasha. x2
Natasha claws you.
* * * LOW HITPOINT WARNING * * *
Your quasit closely misses Natasha. x2; Your quasit misses Natasha.
You closely miss Natasha.
Natasha is almost dead.
Natasha stares at you and mumbles some strange words.
The magic dart hits you!
You die...

#.# ######## #.######....
#...... #.#......h..
##'##### #.# ....... #.....#
#.# .....# #.....# #.# ....#
#.....# #.#
...############.##### #.#
####.##5.........#......
#.###.....h@.........'.....÷
#...#...###..........#......
###<#...###..........#######
#.÷................<......
###...####################
#...# # #...# # #...# #...#


You could see Natasha and a friendly quasit.

Vanquished Creatures
  2 oozes (D:2)
  3 dart slugs
  2 leopard geckos (D:1)
  2 giant cockroaches (D:1)
  3 goblins
  3 hobgoblins (D:1)
  4 jackals
  4 quokkas (D:2)
  2 ball pythons (D:2)
  4 bats
  2 frilled lizards (D:1)
  8 kobolds
  6 rats
45 creatures vanquished.

Vanquished Creatures (collateral kills)
  Natasha (D:2)
  2 adders (D:2)
  2 bats (D:2)
  A goblin (D:2)
  2 hobgoblins
  2 jackals (D:2)
  A frilled lizard (D:2)
11 creatures vanquished.

Grand Total: 56 creatures vanquished

Notes
Turn   | Place    | Note
-------+----------+-------------------------------------------
     0 | D:1      | CanOfBees the Demonspawn Wizard began the quest for the
                  | Orb.
     0 | D:1      | Reached XP level 1. HP: 13/13 MP: 4/4
   438 | D:1      | Gained mutation: A weak demonic guardian rushes to your
                  | aid. [demonic ancestry]
   438 | D:1      | Reached XP level 2. HP: 4/20 MP: 1/6
   716 | D:1      | Learned a level 2 spell: Call Imp
  2876 | D:1      | Gained mutation: You regenerate a little health from kills.
                  | [demonic ancestry]
  2876 | D:1      | Reached XP level 3. HP: 25/25 MP: 7/7
  3013 | D:2      | Reached skill level 1 in Fighting
  4472 | D:2      | Found a runed translucent door.
  4473 | D:2      | Noticed Crazy Yiuf
  4524 | D:2      | Gained mutation: You have sharp toenails. [demonic
                  | ancestry]
  4524 | D:2      | Reached XP level 4. HP: 21/32 MP: 6/9
  4807 | D:2      | Noticed Sigmund
  4814 | D:2      | Learned a level 3 spell: Mephitic Cloud
  4983 | D:2      | Noticed Natasha
  4991 | D:2      | Killed Natasha
  5073 | D:2      | Noticed Natasha
  5082 | D:2      | Killed from afar by Natasha

Levels and vault maps discovered:
D:1:      lightli_arrival_flooded_house, layout_basic
D:2:      layout_basic, ashenzari_altar_1, uniq_crazy_yiuf_cottage,
          uniq_sigmund, uniq_natasha

Skill      XL: |  1  2  3 |
---------------+----------+-----
Dodging        | 2 |  2.0
Conjurations   | 2 |  2.7
Fighting       | 1 |  1.5
Stealth        | |  1.7
Spellcasting   | |  3.5
Summonings     | |  1.7
Translocations | |  0.8

Action                   |  1- 3 |  4- 6 || total
-------------------------+-------+-------++-------
Melee: Dagger            |   111 |     7 ||   118
       Unarmed           |     7 |       ||     7
       Short sword       |       |    13 ||    13
       Kick              |       |     3 ||     3
Throw: Dart              |    37 |    18 ||    55
 Cast: Magic Dart        |    49 |     1 ||    50
       Call Imp          |    15 |     2 ||    17
  Use: Scroll            |       |     3 ||     3
 Stab: Sleeping          |     1 |       ||     1
  Eat: Chunk             |    12 |     1 ||    13
Armor: Robe              |    50 |     5 ||    55
Dodge: Dodged            |   135 |    10 ||   145

Table legend:
 A = Non-vault XP
 B = Vault XP
 C = Vault XP percentage of total XP
 D = Non-vault monster count
 E = Vault monster count
 F = Vault count percentage of total count
                 A         B        C        D         E       F
            +---------+---------+-------+---------+---------+-------
      Total |     110 |      28 |  20.3 |      55 |       1 |   1.8
            +---------+---------+-------+---------+---------+-------
        D:1 |      42 |       0 |   0.0 |      25 |       0 |   0.0
        D:2 |      68 |      28 |  29.2 |      30 |       1 |   3.2
            +---------+---------+-------+---------+---------+-------
